 Dungeon Crawl Stone Soup version 0.28-a0-1227-ga9037bb4c8 (webtiles) character file.

Game seed: 18214555251131796943

98087 siradein the Fighter (level 16, -22/96 HPs)
             Began as a Gargoyle Fighter on Dec 22, 2021.
             Was the Champion of Hepliaklqana.
             Annihilated by a white ugly thing (25 damage)
             ... on level 14 of the Dungeon.
             The game lasted 00:57:55 (27560 turns).

siradein the Fighter (Gargoyle Fighter)            Turns: 27560, Time: 00:57:55

Health: -22/96     AC: 45    Str: 31    XL:     16   Next: 21%
Magic:  21/23      EV:  8    Int:  9    God:    Hepliaklqana [******]
Gold:   1601       SH: 17    Dex:  9    Spells: 15/15 levels left

rFire   + + .      SeeInvis +   K - +8 mithril axe "Arga" {speed, Will+}
rCold   . . .      Faith    .   E - +0 kite shield
rNeg    + + .      Spirit   .   X - +5 plate armour {rF+}
rPois   ∞          Reflect  +   g - +1 helmet of the Carpenter {Harm rN+ SInv}
rElec   +          Harm     +   V - +2 cloak {rPois}
rCorr   .          Rampage  .   h - +0 pair of gloves
Will    ++...                   N - +2 pair of boots
Stlth   ..........              s - amulet of reflection
HPRegen 0.26/turn               U - +4 ring of slaying
MPRegen 0.18/turn               W - ring of the Feral Date {rPois rF+ Str+3}

@: flying
A: reduced essence, sickness immunity, AC +12, big wings, negative energy
resistance 1, electricity resistance, torment resistance 1, petrification
resistance
a: Renounce Religion, Recall Ancestor, Ancestor Identity, Transference, Idealise


You were on level 14 of the Dungeon.
You worshipped Hepliaklqana.
Hepliaklqana was exalted by your worship.
You visited 4 branches of the dungeon, and saw 23 of its levels.
You also visited: Bailey and Gauntlet.

You collected 2281 gold pieces.
You spent 680 gold pieces at shops.

Inventory:

Hand Weapons
 A - the +5 demon whip "Spellbinder" {antimagic, Will+}
   (You found it on level 5 of the Dungeon)

   It reduces the magical energy of the wielder, and disrupts the spells and
   magical abilities of those it strikes.
   Natural abilities and divine invocations are not affected.
   It unleashes wild and unpredictable magical effects upon striking a wizard or
   a creature with magical abilities.
   Will:      It increases your willpower.
 K - the +8 mithril axe "Arga" (weapon) {speed, Will+}
   (You found it on level 9 of the Dungeon)

   Attacks with this weapon are significantly faster.
   Will:      It increases your willpower.
Missiles
 H - 5 throwing nets
Armour
 g - the +1 helmet of the Carpenter (worn) {Harm rN+ SInv}
   (You acquired it on level 5 of the Lair of Beasts)

   rN:        It protects you from negative energy.
   SInv:      It lets you see invisible.
   Harm:      It increases damage dealt and taken.
 h - a +0 pair of gloves (worn)
 E - a +0 kite shield (worn)
 N - a +2 pair of boots (worn)
 V - a +2 cloak of poison resistance (worn)
 X - a +5 plate armour of fire resistance (worn)
Jewellery
 e - a ring of protection from fire
 j - a ring of protection from cold
 s - an amulet of reflection (around neck)
 v - a ring of willpower
 B - a ring of protection from cold
 F - a ring of positive energy
 U - a +4 ring of slaying (left hand)
 W - the ring of the Feral Date (right hand) {rPois rF+ Str+3}
   (You took it off a minotaur in a Gauntlet)

   [ring of protection from fire]

   Str:       It affects your strength (+3).
   rF:        It protects you from fire.
   rPois:     It protects you from poison.
Wands
 a - a wand of mindburst (28)
 c - a wand of charming (6)
 l - a wand of acid (21)
 r - a wand of polymorph (12)
 w - a wand of digging (8)
 y - a wand of flame (88)
 I - a wand of paralysis (8)
 L - a wand of iceblast (12)
Scrolls
 b - 2 scrolls of fear
 i - 2 scrolls of silence
 p - 4 scrolls of enchant weapon
 q - 2 scrolls of holy word
 x - 3 scrolls of fog
 C - 4 scrolls of amnesia
 D - a scroll of summoning
 G - a scroll of magic mapping {unknown}
 M - 5 scrolls of immolation {unknown}
 P - 7 scrolls of teleportation
 Y - 2 scrolls of blinking {unknown}
Potions
 d - 5 potions of might
 f - 2 potions of brilliance
 k - 8 potions of curing
 m - 4 potions of magic {unknown}
 n - 3 potions of attraction
 o - a potion of resistance
 t - 4 potions of mutation {unknown}
 z - 3 potions of ambrosia
 O - 4 potions of haste
 Q - 5 potions of heal wounds
 R - 2 potions of lignification {unknown}
 T - a potion of invisibility {unknown}
 Z - a potion of cancellation {unknown}
Miscellaneous
 J - a lightning rod (4/4) (quivered)
 S - a condenser vane


   Skills:
 + Level 14.6 Fighting
 + Level 7.0(9.8) Axes
 - Level 11.7(12.6) Maces & Flails
 + Level 14.5 Armour
 + Level 14.5 Shields
 + Level 10.2 Invocations
 + Level 7.2 Evocations


You had 15 spell levels left.
You didn't know any spells.
Your spell library contained the following spells:

 Spells                   Type           Power      Damage    Failure   Level
 Apportation              Tloc           0%         N/A       92%         1
 Beastly Appendage        Tmut           0%         N/A       92%         1
 Foxfire                  Conj/Fire      0%         2x1d4     92%         1
 Freeze                   Ice            0%         1d3       92%         1
 Shock                    Conj/Air       0%         1d3       92%         1
 Ensorcelled Hibernation  Hex/Ice        0%         N/A       98%         2
 Wereblood                Tmut           0%         N/A       98%         2
 Call Canine Familiar     Summ           0%         N/A       100%        3
 Conjure Flame            Conj/Fire      0%         6-21      100%        3
 Frozen Ramparts          Ice            0%         1d2       100%        3
 Gell's Gravitas          Tloc           0%         N/A       100%        3
 Inner Flame              Hex/Fire       0%         N/A       100%        3
 Lesser Beckoning         Tloc           0%         N/A       100%        3
 Portal Projectile        Hex/Tloc       0%         N/A       100%        3
 Spider Form              Tmut/Pois      0%         N/A       100%        3
 Swiftness                Air            0%         N/A       100%        3
 Teleport Other           Tloc           0%         N/A       100%        3
 Airstrike                Air            0%         N/A       100%        4
 Flame Wave               Conj/Fire      0%         2d4       100%        4
 Fulminant Prism          Conj/Hex       0%         3d6       100%        4
 Hailstorm                Conj/Ice       0%         3d3       100%        4
 Leda's Liquefaction      Hex/Erth       0%         N/A       100%        4
 Alistair's Intoxication  Tmut/Pois      0%         N/A       100%        5
 Freezing Cloud           Conj/Ice/Air   0%         6-21      100%        5
 Summon Hydra             Summ           0%         N/A       100%        7
 Sublimation of Blood     Necr           Unusable   N/A       N/A         2

Dungeon Overview and Level Annotations

Branches:
Dungeon (14/15)            Temple (1/1) D:7            Lair (6/6) D:9
 Shoals (0/4) Lair:2       Spider (0/4) Lair:2        Slime (0/5) Lair:6
    Orc (2/2) D:10            Elf (0/3) Orc:2        Bailey (visited)
Gauntlet (visited)
 Vaults: D:13-14

Altars:
Ashenzari
Cheibriados
Dithmenos
Elyvilon
Fedhas
Gozag
Hepliaklqana
Kikubaaqudgha
Makhleb
Nemelex Xobeh
Okawaru
Qazlal
Ru
Sif Muna
Trog
Uskayaw
Vehumet
Wu Jian
Xom
Yredelemnul
Zin
The Shining One

Shops:
D:10 [   D:11 (   Orc:2 ([*!

Portals:
Hell: Lair:6
Trove: D:12 (show slimy rune of Zot)

Annotations:
Lair:6 exclusion: 2 oklob plants


Innate Abilities, Weirdness & Mutations

Your life essence is reduced to manifest your ancestor. (-10% HP)
You are immune to sickness and miasma.
Your stone body is resilient. (AC +12)
You are immune to poison.
Your large and strong wings let you fly.
You resist negative energy. (rN+)
You are resistant to electric shocks. (rElec)
You are resistant to unholy torment.
You are immune to petrification.


Message History

The white ugly thing is heavily wounded.
You slice the white ugly thing!!
You kill the white ugly thing!
You closely miss the white ugly thing. The white ugly thing punches you.
The white ugly thing freezes you!!
A white ugly thing comes into view.
You slice the white ugly thing!!
The white ugly thing is heavily wounded.
You slice the white ugly thing!!
You kill the white ugly thing!
A white ugly thing comes into view.
Select a target.
Press: ? - help, Dir - move target, f - white ugly thing
Aim: a white ugly thing The floor, spattered with blood.
The white ugly thing swaps with Fukk Yu!
The cyan ugly thing is drained by nostalgia.
The white ugly thing is drained by nostalgia.
You block the white ugly thing's attack.
The white ugly thing closely misses Fukk Yu.
Fukk Yu hits the cyan ugly thing with a +0 dagger of draining.
You block the cyan ugly thing's attack.
You barely miss the cyan ugly thing.
The cyan ugly thing is lightly wounded.
You slice the white ugly thing!!
The white ugly thing tentacle-slaps you!
The white ugly thing freezes you!!
* * * LOW HITPOINT WARNING * * *
The white ugly thing tentacle-slaps Fukk Yu.
The white ugly thing freezes Fukk Yu!
Fukk Yu resists.
Fukk Yu hits the cyan ugly thing with a +0 dagger of draining.
Fukk Yu drains the cyan ugly thing.
The white ugly thing completely misses Fukk Yu.
The cyan ugly thing basks in the mutagenic energy from its kin and changes!
Fukk Yu hits the white ugly thing with a +0 dagger of draining.
The white ugly thing tentacle-slaps you.
* * * LOW HITPOINT WARNING * * *
The white ugly thing freezes you!!
You die...

########
#......#
#....@.#
#....u.###
+.....>u†#
#.....§#R#
#......#.u.
#......####..
## #......#
... #.
####'### ##
.. #..#


You could see the friendly Fukk Yu the hexer and 3 ugly things.

Vanquished Creatures
  2 orc warlords (Orc:1)
  2 dire elephants
  A minotaur (Gauntlet)
  The ghost of Bigaod the Fighter, a journeyman DsGl of Ru (Orc:1)
  2 ettins
  Harold (D:8)
  9 hydras
  2 ogre magi (Orc:2)
  3 centaur warriors
  4 death yaks
  19 two-headed ogres
  A hell hog (Gauntlet)
  A soul eater (Gauntlet)
  Pikel (D:7)
  2 orc knights (Bailey)
  2 deep trolls
  A deep elf pyromancer (D:13)
  An oklob plant (Lair:4)
  An orc sorcerer (Orc:1)
  2 manticores
  3 cyclopes
  9 ugly things (D:14)
  17 elephants
  4 black mambas
  A torpor snail (Lair:2)
  An orange demon (Lair:6)
  A smoke demon (Gauntlet)
  8 cane toads
  2 unseen horrors
  12 komodo dragons
  3 rime drakes (Lair:6)
  3 ice devils (Lair:6)
  An efreet (D:8)
  A freezing wraith (D:13)
  A hellwing (Lair:6)
  11 trolls
  4 jumping spiders (Lair:2)
  2 polar bears (Lair:1)
  2 red devils
  A wind drake (Lair:2)
  10 slime creatures
  12 blink frogs
  8 dream sheep (Lair:5)
  44 yaks
  4 redbacks (Lair:2)
  A vampire (D:11)
  3 shadows
  3 wyverns
  3 wraiths
  A basilisk (Lair:6)
  3 fire bats (Gauntlet)
  Eustachio (D:6)
  A steam dragon (D:8)
  8 vampire mosquitoes
  Menkaure (D:5)
  Edmund (D:4)
  2 wargs
  An acid dragon (D:12)
  3 swamp worms (Lair:2)
  5 hell hounds
  14 water moccasins
  An ice beast (D:6)
  32 orc warriors
  2 sky beasts
  27 ogres
  4 black bears
  3 necrophages
  6 wolves
  5 centaurs
  2 phantoms (D:6)
  A kobold brigand (D:9)
  11 bullfrogs
  The ghost of AttackTheMoon the Sneak, an amateur SpFE (D:3)
  2 gnoll sergeants (D:8)
  A wyvern zombie (D:9)
  4 scorpions
  Blork the orc (D:4)
  19 killer bees
  A howler monkey (D:8)
  14 wights
  3 crimson imps (Gauntlet)
  7 hounds
  A jelly (D:4)
  14 orc priests
  2 centaur skeletons
  A bullfrog skeleton (D:5)
  4 iguanas
  2 hexers
  Natasha (thrice) (D:3)
  14 orc wizards
  4 hell rats (Lair:2)
  A killer bee zombie (D:5)
  7 adders
  8 gnolls
  3 shadow imps (Gauntlet)
  4 white imps
  2 ufetubi
  4 dart slugs
  70 orcs
  5 bats
  8 endoplasms
  4 giant cockroaches
  6 goblins
  8 hobgoblins
  9 jackals
  5 quokkas
  5 ball pythons
  2 frilled lizards
  17 kobolds
  5 rats
639 creatures vanquished.

Vanquished Creatures (collateral kills)
  A catoblepas (Lair:4)
  A hell beast (Lair:6)
  Erica (D:8)
  Nergalle (D:10)
  A wizard (Lair:6)
  A cyclops (D:11)
  An elephant (Lair:4)
  A cane toad (Lair:6)
  2 komodo dragons
  2 jumping spiders (Lair:2)
  A troll (Orc:1)
  3 blink frogs
  A vampire (D:11)
  13 yaks
  A fire bat (Gauntlet)
  A basilisk (Lair:1)
  4 water moccasins
  A hell hound (Lair:6)
  2 orc warriors
  A black bear (Lair:5)
  A wolf (Lair:2)
  3 centaurs
  2 bullfrogs
  A wight (D:8)
  An electric eel (Lair:6)
  An orc priest (Orc:2)
  An orc wizard (D:11)
  3 hell rats (Lair:2)
  9 orcs
62 creatures vanquished.

Vanquished Creatures (others)
  A hornet simulacrum (D:8)
  7 hexers
  An ancestor (D:7)
  An orc wizard (D:7)
  4 demonic plants (Gauntlet)
  16 fungi
  22 plants
52 creatures vanquished.

Grand Total: 753 creatures vanquished

Notes
Turn   | Place    | Note
-------+----------+-------------------------------------------
     0 | D:1      | siradein the Gargoyle Fighter began the quest for the Orb.
     0 | D:1      | Reached XP level 1. HP: 14/14 MP: 1/1
   216 | D:1      | Reached XP level 2. HP: 15/19 MP: 2/2
   275 | D:1      | Found a faded altar of an unknown god.
  1190 | D:1      | Reached XP level 3. HP: 21/23 MP: 3/3
  1900 | D:2      | Reached XP level 4. HP: 27/29 MP: 4/4
  2646 | D:3      | Found a runed translucent door.
  2646 | D:3      | Noticed AttackTheMoon's ghost (amateur SpFE)
  2675 | D:3      | Noticed Natasha
  2689 | D:3      | Killed Natasha
  2968 | D:3      | Reached XP level 5. HP: 33/33 MP: 5/5
  3071 | D:3      | Noticed Natasha
  3085 | D:3      | Killed Natasha
  3413 | D:3      | Killed AttackTheMoon's ghost
  3414 | D:3      | Reached XP level 6. HP: 28/39 MP: 6/6
  3529 | D:3      | Noticed Natasha
  3538 | D:3      | Killed Natasha
  3720 | D:4      | Found a snail-covered altar of Cheibriados.
  3758 | D:4      | Noticed a necrophage
  3770 | D:4      | Killed a necrophage
  3771 | D:4      | Reached skill level 5 in Fighting
  3771 | D:4      | Reached skill level 5 in Shields
  4013 | D:4      | Found a shadowy altar of Dithmenos.
  4019 | D:4      | Noticed Edmund
  4061 | D:4      | Reached skill level 5 in Armour
  4061 | D:4      | Reached XP level 7. HP: 43/44 MP: 7/7
  4570 | D:4      | Killed Edmund
  5336 | D:4      | Noticed Blork the orc
  5462 | D:4      | Killed Blork the orc
  5569 | D:5      | Entered Level 5 of the Dungeon
  5570 | D:5      | Noticed Menkaure
  5572 | D:5      | Killed Menkaure
  5573 | D:5      | Reached XP level 8. HP: 40/51 MP: 8/8
  5692 | D:5      | Reached skill level 5 in Maces & Flails
  6087 | D:5      | Found the +5 demon whip "Spellbinder" {antimagic, Will+}
  6489 | D:5      | Reached XP level 9. HP: 45/56 MP: 3/9
  6796 | D:6      | Noticed Eustachio
  6802 | D:6      | Killed Eustachio
  6807 | D:6      | Identified a scroll of acquirement
  7176 | D:6      | Got the Disquisition on Congealing Attacks
  7407 | D:7      | Found a hazy altar of Hepliaklqana.
  7416 | D:7      | Became a worshipper of Hepliaklqana the Forgotten
  7793 | D:7      | Found a staircase to the Ecumenical Temple.
  7819 | Temple   | Entered the Ecumenical Temple
  8092 | D:7      | Noticed Pikel
  8109 | Temple   | Reached XP level 10. HP: 53/64 MP: 3/10
  8201 | D:7      | Killed Pikel
  8943 | D:8      | Reached * piety under Hepliaklqana
  9076 | D:8      | Noticed a centaur warrior
  9094 | D:8      | Killed a centaur warrior
  9095 | D:8      | Reached XP level 11. HP: 40/63 MP: 3/11
  9123 | D:8      | Noticed a two-headed ogre
  9176 | D:8      | Noticed Erica
  9489 | D:7      | Killed a two-headed ogre
  9631 | D:8      | Killed Erica
  9632 | D:8      | Reached skill level 10 in Fighting
  9655 | D:8      | Noticed a two-headed ogre
  9659 | D:8      | Reached skill level 10 in Shields
  9667 | D:8      | Killed a two-headed ogre
  9668 | D:8      | Reached skill level 10 in Armour
  9867 | D:8      | Noticed Harold
  9873 | D:8      | Killed Harold
 10388 | D:9      | Found a staircase to the Lair.
 10399 | D:9      | Reached ** piety under Hepliaklqana
 10400 | D:9      | Remembered your ancestor Fukk Yu as a hexer
 10472 | D:9      | Noticed a two-headed ogre
 10486 | D:9      | Killed a two-headed ogre
 10596 | D:9      | Found the +8 mithril axe "Arga" {speed, Will+}
 10923 | D:9      | Found an opulent altar of Gozag.
 10924 | D:9      | Found a shimmering altar of Xom.
 10928 | D:9      | Found a bloodstained altar of Trog.
 11000 | D:10     | Entered Level 10 of the Dungeon
 11120 | D:10     | Noticed a two-headed ogre
 11130 | D:10     | Killed a two-headed ogre
 11536 | D:10     | Noticed a two-headed ogre
 11545 | D:10     | Killed a two-headed ogre
 11603 | D:10     | Found Ybojiaryh's Armour Shoppe.
 11615 | D:10     | Reached XP level 12. HP: 62/71 MP: 12/12
 11653 | D:10     | Found a staircase to the Orcish Mines.
 11663 | D:10     | Bought a +2 pair of boots for 264 gold pieces
 12366 | D:10     | Noticed Nergalle
 12376 | D:10     | Killed Nergalle
 12377 | D:10     | Reached skill level 1 in Invocations
 12480 | D:10     | Reached skill level 10 in Maces & Flails
 12803 | D:11     | Found Dowk's Antique Weapon Shoppe.
 12986 | D:11     | Reached *** piety under Hepliaklqana
 13000 | D:11     | Noticed a seven-headed hydra
 13010 | D:11     | Killed a seven-headed hydra
 13677 | Lair:1   | Entered Level 1 of the Lair of Beasts
 13682 | Lair:1   | Noticed a seven-headed hydra
 13692 | Lair:1   | Killed a seven-headed hydra
 13694 | Lair:1   | Identified the +3 scimitar of Dim Light {vorpal, rElec rC-
                  | rN+ SInv}
 13820 | Lair:1   | Noticed a four-headed hydra
 13830 | Lair:1   | Killed a four-headed hydra
 14003 | Lair:1   | Noticed a seven-headed hydra
 14014 | Lair:1   | Killed a seven-headed hydra
 14273 | Lair:1   | Reached XP level 13. HP: 74/77 MP: 16/16
 14354 | Lair:1   | Reached skill level 5 in Invocations
 14360 | Lair:1   | Reached skill level 1 in Evocations
 14687 | Lair:1   | Reached **** piety under Hepliaklqana
 15006 | Lair:2   | Reached skill level 1 in Axes
 15870 | Lair:2   | Found a staircase to the Shoals.
 16070 | Lair:2   | Identified the +2 robe "Seonwoc" {Fly rN+ MP-9 Dex+5}
 16488 | Lair:2   | Found a hole to the Spider Nest.
 16865 | Lair:3   | Gained mutation: Your large and strong wings let you fly.
                  | [Gargoyle growth]
 16865 | Lair:3   | Reached XP level 14. HP: 80/82 MP: 17/19
 17415 | Lair:3   | Reached ***** piety under Hepliaklqana
 17784 | Lair:4   | Found a gate leading to a gauntlet.
 17796 | Gauntlet | Entered a Gauntlet
 17796 | Gauntlet | Found a transporter.
 17796 | Gauntlet | Found a transporter.
 17796 | Gauntlet | Found a transporter.
 17949 | Gauntlet | Found a transporter.
 17951 | Gauntlet | Found a transporter.
 17962 | Gauntlet | Found a transporter.
 17967 | Gauntlet | Found a transporter.
 17970 | Gauntlet | Found a transporter.
 17990 | Gauntlet | Found a transporter.
 18010 | Gauntlet | Found a transporter.
 18011 | Gauntlet | Found a transporter.
 18022 | Gauntlet | Found a transporter.
 18150 | Gauntlet | Identified the +0 cloak "Ziug" {rPois Dex+2}
 18337 | Gauntlet | Identified the ring of the Feral Date {rPois rF+ Str+3}
 19283 | Lair:5   | Acquired the +1 helmet of the Carpenter {Harm rN+ SInv}
 20165 | Lair:6   | Entered Level 6 of the Lair of Beasts
 20500 | Lair:6   | Found a staircase to the Slime Pits.
 20700 | Lair:6   | Reached skill level 5 in Evocations
 21337 | Lair:6   | Reached skill level 5 in Axes
 21723 | Lair:6   | Noticed a dire elephant
 21732 | Lair:6   | Killed a dire elephant
 21733 | Lair:6   | Reached XP level 15. HP: 89/89 MP: 21/21
 22692 | Lair:6   | Found a burning altar of Makhleb.
 22787 | Lair:6   | Found a gateway to Hell.
 22794 | Lair:6   | Identified the +1 hunting sling "Xoqon" {freeze, Will+}
 23465 | D:12     | Found a portal to a secret trove of treasure.
 23903 | Orc:1    | Entered Level 1 of the Orcish Mines
 24316 | Orc:1    | Noticed Bigaod's ghost (journeyman DsGl)
 24412 | Orc:1    | Found a transporter.
 24667 | Orc:2    | Entered Level 2 of the Orcish Mines
 24814 | Orc:2    | Found a staircase to the Elven Halls.
 24820 | Orc:2    | Noticed an orc warlord
 24856 | Orc:1    | Killed an orc warlord
 24962 | Orc:2    | Noticed an orc warlord
 25071 | Orc:1    | Killed an orc warlord
 25397 | Orc:2    | Found Ihoiran's Antique Weapon Shoppe.
 25431 | Orc:2    | Found Ceverphe's Antique Armour Shop.
 25446 | Orc:2    | Found Xuq Podd's Assorted Antiques.
 25447 | Orc:2    | Found Aver's Distillery.
 25450 | Orc:2    | Reached ****** piety under Hepliaklqana
 25455 | Orc:2    | Bought a potion of heal wounds for 80 gold pieces
 25455 | Orc:2    | Bought a potion of might for 64 gold pieces
 25455 | Orc:2    | Bought a potion of curing for 48 gold pieces
 25455 | Orc:2    | Bought a potion of heal wounds for 80 gold pieces
 25455 | Orc:2    | Bought a potion of heal wounds for 80 gold pieces
 25455 | Orc:2    | Bought a potion of might for 64 gold pieces
 25975 | Orc:1    | Found a transporter.
 25991 | Orc:1    | Killed Bigaod's ghost
 26546 | D:13     | Reached XP level 16. HP: 96/96 MP: 7/23
 26726 | D:13     | Found a flagged portal.
 26735 | Bailey   | Entered a bailey
 26822 | Bailey   | Reached skill level 10 in Invocations
 26832 | Bailey   | Identified the +6 rapier of Lust {freeze, Int+2}
 27560 | D:14     | HP: 3/96 [white ugly thing (4)]
 27560 | D:14     | Annihilated by a white ugly thing

Illustrated notes

Levels and vault maps discovered:
D:1:      dpeg_chamrin_arrival_tetris, layout_loops_ring,
          ebering_ecumenical_altar_sacrificial, chequers_serial_rivers_marsh
D:2:      layout_basic, hangedman_abyss_or_decor_lesser_grid,
          minmay_pentomino_pile
D:3:      layout_basic, ebering_ghost_sewer_d, uniq_natasha
D:4:      layout_loops_ring, nicolae_dithmenos_the_darkroom,
          mainiacjoe_overflow_cross_hatched, nicolae_zen_rock_garden,
          uniq_blork_the_orc, uniq_edmund
D:5:      layout_loops_ring, minmay_fractal_squares_gapless_5, uniq_menkaure
D:6:      layout_loops_cross, nicolae_underground_beach, uniq_eustachio
D:7:      layout_gridville, kennysheep_mini_moat,
          minmay_temple_entry_large_hall, minmay_misc_feat_hallway,
          hangedman_decor_riveting, hangedman_decor_points,
          minmay_misc_feat_pillars, uniq_pikel
D:8:      nzn_winding_woodlands_medium [nzn_winding_woodlands_5x5_default,
          nzn_winding_woodlands_5x15_split_checker,
          nzn_winding_woodlands_5x5_checkerboard,
          nzn_winding_woodlands_5x5_cross, nzn_winding_woodlands_center_lodge,
          nzn_winding_woodlands_5x5_open_star, nzn_winding_woodlands_5x5_three,
          nzn_winding_woodlands_5x15_twine,
          nzn_winding_woodlands_5x5_perimeter], layout_rooms, uniq_erica,
          uniq_harold
D:9:      layout_roguey, grunt_temple_overflow_open, dpeg_oklobed_lair,
          evilmike_butchery
D:10:     layout_basic, orc_david_3, uniq_nergalle
D:11:     layout_irregular_city, serial_shops, nicolae_shop_crystal
D:12:     layout_roguey, nicolae_trove_entry_diagonal
D:13:     layout_rooms, enter_bailey_4
D:14:     layout_roguey [special_room_orc], lightli_vaults_fourway_checkpoint
Temple:   kb_temple_of_zot
Lair:1:   layout_long_grid, st_stairs_6, lemuel_fruit_tree
Lair:2:   statuecave_lemuel, layout_cave_shapes, minmay_shoals_entry_beasts,
          nicolae_spider_entry_tight_spaces, worms_lemuel
Lair:3:   layout_cellular_growth
Lair:4:   layout_misc_corridors, gauntlet_entry_generic
Lair:5:   layout_small_grid
Lair:6:   evil_forest, layout_big_grid, minmay_slime_entry_oklob_open,
          st_stairs_5, serial_bayou_shore_a, serial_bayou_shore_b,
          infiniplex_staircase_pool
Orc:1:    layout_caves, gammafunk_ghost_smash
Orc:2:    st_orc_open, layout_caves

Skill      XL: |  1  2  3  4  5  6  7  8  9 10 11 12 13 14 15 16 |
---------------+-------------------------------------------------+-----
Fighting       | 4 5 6 8 9 10 12 13 14 | 14.6
Shields        | 4 5 6 8 9 10 12 13 14 | 14.5
Armour         | 4 5 6 8 9 10 11 12 13 14 | 14.5
Maces & Flails | 3 4 5 7 8 9 10 11 | 11.7
Invocations    | 4 6 8 9 10 | 10.2
Evocations     | 3 5 6 7 |  7.2
Axes           | 3 5 6 7 |  7.0

Action                   |  1- 3 |  4- 6 |  7- 9 | 10-12 | 13-15 | 16-18 || total
-------------------------+-------+-------+-------+-------+-------+-------++-------
Melee: Flail             |   143 |   152 |   106 |       |       |       ||   401
       War axe           |       |       |    41 |       |       |       ||    41
       Demon whip        |       |       |   198 |   277 |    94 |       ||   569
       Broad axe         |       |       |       |   203 |   858 |    95 ||  1156
Invok: Ancestor Identity |       |       |       |     2 |       |       ||     2
       Recall Ancestor   |       |       |       |     1 |     2 |       ||     3
       Ancestor Life: He |       |       |       |     1 |       |       ||     1
       Idealise          |       |       |       |       |     2 |       ||     2
       Transference      |       |       |       |       |       |     1 ||     1
Evoke: Wand              |       |       |     2 |       |       |       ||     2
       Condenser vane    |       |       |       |       |     1 |       ||     1
  Use: Potion            |       |     1 |       |       |     1 |       ||     2
       Scroll            |       |       |     8 |     5 |     9 |     2 ||    24
 Stab: Sleeping          |       |       |     1 |       |       |       ||     1
       Distracted        |       |       |       |     3 |    11 |     1 ||    15
       Confused          |       |       |       |     3 |     7 |       ||    10
       Paralysed         |       |       |       |       |    14 |     9 ||    23
Armor: Scale mail        |    82 |    56 |       |       |       |       ||   138
       Leather armour    |       |    18 |   107 |       |       |       ||   125
       Plate armour      |       |       |     4 |   181 |   352 |    42 ||   579
       Chain mail        |       |       |     1 |       |       |       ||     1
Dodge: Dodged            |    68 |    77 |   175 |    68 |   153 |    14 ||   555
Block: Buckler           |    21 |    44 |    90 |    44 |       |       ||   199
       Kite shield       |       |       |       |   298 |   599 |    71 ||   968
       Reflection        |       |       |       |    15 |    16 |     6 ||    37

Table legend: (Time is in decaauts)
 A = Elapsed time spent in this place.
 B = Non-inter-level travel time spent in this place.
 C = Inter-level travel time spent in this place.
 D = Time resting spent in this place.
 E = Time spent auto-exploring this place.
 F = Levels seen in this place.
 G = Mean time per level.
                   A        B        C        D        E       F      G
               +--------+--------+--------+--------+--------+-----+--------+
         Total |  27404 |  26116 |   1288 |   2597 |  17833 |  25 | 1096.2 |
       Dungeon |  15074 |  14488 |    586 |   1340 |  10123 |  14 | 1076.7 |
        Temple |    244 |    244 |      0 |     52 |    154 |   1 |  244.0 |
          Lair |   8912 |   8295 |    617 |    714 |   5873 |   6 | 1485.3 |
  Orcish Mines |   2205 |   2121 |     84 |    208 |   1307 |   2 | 1102.5 |
        Bailey |    397 |    397 |      0 |    180 |     62 |   1 |  397.0 |
      Gauntlet |    570 |    570 |      0 |    103 |    313 |   1 |  570.0 |
               +--------+--------+--------+--------+--------+-----+--------+

Top non-repeatable levels by time:
  Lair:6: 2017 daAuts
  Lair:2: 1902 daAuts
  Lair:5: 1740 daAuts
     D:4: 1696 daAuts
    D:10: 1636 daAuts
     D:7: 1491 daAuts
     D:1: 1411 daAuts
     D:3: 1388 daAuts
  Lair:1: 1371 daAuts
   Orc:1: 1301 daAuts
     D:2: 1190 daAuts
     D:8: 1066 daAuts
     D:9: 1019 daAuts
     D:5: 1017 daAuts
    D:11: 1000 daAuts
